AoeStats
← DYN_BenderGC

Scandinavia

510469597Analyzed
1v1 RM · 2d ago on Oct 1, 2026· 30m 12s· 2 players
Game mode
Random Map
Map size
Tiny (2 player)
Population
200
Speed
Normal
Resources
Standard
Victory
Conquest
Starting age
Dark Age
Ending age
Imperial Age
RankedLock teamsTeams togetherTeam positionsShared explorationLock speedFull tech treeHidden civsTurbo modeCheats
Victory
Defeat
🇺🇸 Dravidians · United States
1558
+20
🇵🇪 Dravidians · Peru
1638
-20
brendansexson
9:08 Loom
11:47 Feudal Age
16:22 Castle Age
14:41 Double-Bit Axe
14:52 Gold Mining
14:50 Fishing Lines
15:46 Fletching
15:56 Padded Archer Armor
17:29 Bow Saw
17:16 Bodkin Arrow
17:53 Gillnets
19:46 Wheelbarrow
20:32 Leather Archer Armor
20:22 Town Watch
23:13 Ballistics
23:05 Husbandry
24:13 Horse Collar
DYN_BenderGC
10:12 Feudal Age
9:27 Loom
15:15 Castle Age
13:12 Double-Bit Axe
16:00 Fletching
16:36 Crossbowman
17:33 Bodkin Arrow
21:17 Medium Warships
21:30 Medium Warships
22:54 Elite Skirmisher
26:03 Padded Archer Armor
26:37 Gold Mining
26:28 Horse Collar
27:00 Bow Saw
27:44 Leather Archer Armor
28:38 Ballistics
Connection lost

Rejoining the realm…

Still unreachable

The connection could not be restored.

Session expired

The server has moved on; the page needs a fresh start.